 Dungeon Crawl Stone Soup version 0.23-a0-78-gc252fe1 (webtiles) character file.

901 tilp the Ducker (level 8, -1/60 HPs)
             Began as a Merfolk Ice Elementalist on Aug 10, 2018.
             Was a Believer of Makhleb.
             Slain by an orc
             ... wielding a +0 falchion
              (4 damage)
             ... on level 6 of the Dungeon.
             The game lasted 00:15:09 (4836 turns).

tilp the Ducker (Merfolk Ice Elementalist)          Turns: 4836, Time: 00:15:10

Health: -1/60      AC:  6    Str:  8    XL:     8   Next: 7%
Magic:  0/12       EV: 19    Int: 16    God:    Makhleb [**....]
Gold:   277        SH:  0    Dex: 17    Spells: 6/12 levels left

rFire    . . .     SeeInvis .   a - +1 dagger (speed)
rCold    . . .     Gourm    .   (no shield)
rNeg     . . .     Faith    .   u - +1 animal skin
rPois    .         Spirit   .   v - +0 helmet
rElec    .         Reflect  .   r - +0 cloak
rCorr    .         Harm     .   G - +0 pair of gloves
MR       .....                  (no boots)
Stlth    ++........             (no amulet)
HPRegen  0.20/turn              k - +2 ring of dexterity
MPRegen  0.13/turn              n - +3 ring of evasion

@: very slightly contaminated
A: change form in water, swift swim, stealthy swim
a: Minor Destruction, Renounce Religion


You were on level 6 of the Dungeon.
You worshipped Makhleb.
Makhleb was pleased with you.
You were hungry.

You visited 1 branch of the dungeon, and saw 6 of its levels.

You collected 277 gold pieces.

Inventory:

Hand Weapons
 a - a +1 dagger of speed (weapon)
 b - a +0 hunting sling
 h - a +0 dagger
 A - a +1 trident
 C - a cursed -3 spear
Missiles
 g - 71 sling bullets
 E - 3 tomahawks (quivered)
Armour
 r - a +0 cloak (worn)
 u - a +1 animal skin (worn)
 v - a +0 helmet (worn)
 G - a +0 pair of gloves (worn)
Jewellery
 k - a +2 ring of dexterity (left hand)
 n - a +3 ring of evasion (right hand)
 p - an uncursed ring of magical power
 y - an uncursed ring of protection from magic {unknown}
Scrolls
 d - a scroll of enchant weapon
 m - 6 scrolls of remove curse
 q - 4 scrolls of teleportation
 w - 3 scrolls of fog
 x - 2 scrolls of blinking
 z - a scroll of amnesia {unknown}
 B - a scroll of enchant armour {unknown}
 H - a scroll of acquirement {unknown}
Potions
 e - a potion of heal wounds {unknown}
 f - 3 potions of mutation
 i - a potion of flight
 l - a potion of agility {unknown}
 o - 2 potions of degeneration {unknown}
 s - 2 potions of brilliance
 t - 3 potions of haste
 D - a potion of cancellation {unknown}
Comestibles
 c - 11 rations


   Skills:
 - Level 4.0 Fighting
 * Level 3.7 Polearms
 - Level 6.2 Dodging
 - Level 2.1 Stealth
 + Level 2.7 Spellcasting
 + Level 1.6 Conjurations
 + Level 1.8 Charms
 - Level 6.0 Ice Magic
 + Level 1.9 Invocations


You had 6 spell levels left.
You knew the following spells:

 Your Spells              Type           Power        Failure   Level  Hunger
a - Freeze                Ice            ###.         1%          1    #......
b - Throw Frost           Conj/Ice       ##....       6%          2    ##.....
c - Ozocubu's Armour      Chrm/Ice       ##......     12%         3    ###....

Your spell library contained the following spells:

 Spells                   Type           Power        Failure   Level  Hunger
 Summon Ice Beast         Ice/Summ       ##......     50%         4    #####..
 Spider Form              Tmut/Pois      #.........   50%         3    ###....
 Blade Hands              Tmut           #.........   99%         5    ######.
 Ice Form                 Ice/Tmut       ##......     50%         4    #####..
 Throw Icicle             Conj/Ice       ##......     38%         4    #####..
 Sticks to Snakes         Tmut           #.......     28%         2    ##.....
 Beastly Appendage        Tmut           #.....       19%         1    #......


Dungeon Overview and Level Annotations

Branches:
Dungeon (6/15)             Temple (0/1) D:4

Altars:
Elyvilon
Makhleb
Nemelex Xobeh
Ru
Uskayaw
Vehumet
The Shining One

Annotations:
D:5 Menkaure


Message History

* * * LOW HITPOINT WARNING * * *
Something shocks you.
* * * LOW HITPOINT WARNING * * *
You hit something. The orc completely misses you. Something barely misses you.
You hit something but do no damage.
Casting: Freeze (safe; 1% risk of failure)
Confirm with . or Enter, or press ? or * to list all spells.
Aiming: Freeze (safe; 1% risk of failure)
Press: ? - help, Shift-Dir - straight line You freeze something.
Makhleb accepts your kill.
Reactivating autopickup.
You have reached level 8!
You feel a bit more experienced. The orc closely misses you.
You closely miss the orc.
The orc is severely wounded.
You hit the orc but do no damage.
The orc is severely wounded.
The orc hits you with a falchion.
You die...

#####...........#
#####......##
##......##
##......##
###......##
##........# .
##........## ..
##........## ...
#@o>.....##
....######o.......#
........{.........#
...o..............#
..?....o..........#
..............##.##
o.............# ##
..........###..#
........$## #..#


You could see 2 orcs.

Vanquished Creatures
  A sky beast (D:6)
  A bullfrog (D:6)
  3 scorpions
  2 howler monkeys (D:4)
  A crimson imp (D:5)
  A bullfrog skeleton (D:5)
  2 orc wizards (D:5)
  An orc priest (D:5)
  4 worker ants
  A mummy (D:4)
  Robin (D:3)
  7 gnolls (D:5)
  4 adders
  3 worms
  3 leopard geckos
  14 orcs
  5 bats
  16 giant cockroaches
  18 goblins
  14 hobgoblins
  2 jackals (D:4)
  10 kobolds
  2 ball pythons
  3 frilled lizards
  A giant cockroach zombie (D:5)
  2 hobgoblin zombies (D:4)
  A leopard gecko skeleton (D:5)
  2 orc zombies (D:4)
  A quokka skeleton (D:5)
  7 rats
133 creatures vanquished.

Vanquished Creatures (others)
  A plant (D:2)
1 creature vanquished.

Grand Total: 134 creatures vanquished

Notes
Turn   | Place    | Note
-------+----------+-------------------------------------------
     0 | D:1      | tilp the Merfolk Ice Elementalist began the quest for the Orb.
     0 | D:1      | Reached XP level 1. HP: 13/13 MP: 3/3
   305 | D:1      | Reached XP level 2. HP: 17/19 MP: 3/5
   309 | D:1      | Learned a level 2 spell: Throw Frost
   863 | D:2      | Reached XP level 3. HP: 24/24 MP: 4/6
  1092 | D:2      | Reached skill level 5 in Ice Magic
  1326 | D:2      | Reached XP level 4. HP: 21/30 MP: 1/7
  1334 | D:2      | Learned a level 3 spell: Ozocubu's Armour
  1428 | D:2      | Found a radiant altar of Vehumet.
  1428 | D:2      | Found a white marble altar of Elyvilon.
  1462 | D:2      | Found a sparkling altar of Nemelex Xobeh.
  1463 | D:2      | Found a glowing golden altar of the Shining One.
  1465 | D:2      | Found a burning altar of Makhleb.
  1468 | D:2      | Became a worshipper of Makhleb the Destroyer
  1829 | D:3      | Noticed Robin
  1842 | D:3      | Killed Robin
  1997 | D:3      | Reached * piety under Makhleb
  2236 | D:3      | Reached XP level 5. HP: 29/36 MP: 6/8
  2511 | D:4      | Reached skill level 1 in Fighting
  2660 | D:4      | You fall through a shaft!
  2660 | D:5      | Entered Level 5 of the Dungeon
  2719 | D:5      | Reached XP level 6. HP: 29/45 MP: 4/9
  2937 | D:5      | Noticed Menkaure
  3296 | D:5      | Reached skill level 5 in Dodging
  3506 | D:5      | Reached XP level 7. HP: 53/53 MP: 7/10
  3559 | D:5      | Reached ** piety under Makhleb
  3782 | D:4      | Reached skill level 1 in Polearms
  3922 | D:4      | Reached skill level 1 in Conjurations
  3945 | D:4      | Found a sacrificial altar of Ru.
  3946 | D:4      | Found a hide-covered altar of Uskayaw.
  4018 | D:4      | Reached skill level 1 in Invocations
  4052 | D:4      | Found a staircase to the Ecumenical Temple.
  4571 | D:5      | Reached skill level 1 in Charms
  4831 | D:6      | HP: 2/54 [something (6)]
  4834 | D:6      | Reached XP level 8. HP: 3/60 MP: 0/12
  4836 | D:6      | Slain by an orc

Vault maps used:
D:1:      minmay_arrival_wavy_path, minmay_misc_feat_columns, moated_statue,
          corexii_item_surrounded_by_moat
D:2:      minmay_roachtagon, minitemple, lexackson_kobold_supper
D:3:      cheibrodos_greedy_goblins, uniq_robin
D:4:      gammafunk_temple_overflow_statue, minmay_temple_entry_hall,
          first_ration, minmay_mini_ossuary
D:5:      minmay_opposing_rooms, uniq_menkaure
D:6:      corner_web_ring, uniq_grinder, uniq_duvessa

Skill      XL: |  1  2  3  4  5  6  7 |
---------------+----------------------+-----
Ice Magic      | 4 5 6 |  6.0
Dodging        | 4 5 6 |  6.2
Fighting       | 2 3 4 |  4.0
Polearms       | 3 |  3.7
Conjurations   | 1 |  1.6
Invocations    | 1 |  1.9
Charms         | 1 |  1.8
Stealth        | |  2.1
Spellcasting   | |  2.7

Action                   |  1- 3 |  4- 6 |  7- 9 || total
-------------------------+-------+-------+-------++-------
Melee: Dagger            |   102 |   264 |   156 ||   522
 Cast: Freeze            |    57 |    72 |    32 ||   161
       Ozocubu's Armour  |       |     3 |     1 ||     4
       Throw Frost       |       |       |     1 ||     1
  Use: Scroll            |     5 |     4 |     2 ||    11
       Potion            |       |     1 |     1 ||     2
 Stab: Sleeping          |     2 |     3 |     5 ||    10
  Eat: Chunk             |     3 |     8 |     5 ||    16
Armor: Robe              |    21 |     5 |       ||    26
       Animal skin       |       |    37 |    34 ||    71
Dodge: Dodged            |    67 |   208 |    99 ||   374

Table legend:
 A = Non-vault XP
 B = Vault XP
 C = Vault XP percentage of total XP
 D = Non-vault monster count
 E = Vault monster count
 F = Vault count percentage of total count
 G = Total turns spent on level
                 A         B        C        D         E       F
            +---------+---------+-------+---------+---------+-------
      Total |    1023 |     265 |  20.6 |      79 |      54 |  40.6
            +---------+---------+-------+---------+---------+-------
        D:1 |      18 |       0 |   0.0 |      11 |       0 |   0.0
        D:2 |      34 |      40 |  54.1 |      17 |      21 |  55.3
        D:3 |      22 |      52 |  70.3 |      10 |      22 |  68.8
        D:4 |     308 |      22 |   6.7 |      13 |       5 |  27.8
        D:5 |     404 |     151 |  27.2 |      24 |       6 |  20.0
        D:6 |     237 |       0 |   0.0 |       4 |       0 |   0.0
            +---------+---------+-------+---------+---------+-------
